 Dungeon Crawl Stone Soup version 0.25-a0-265-g7af84ae0ac (webtiles) character file.

Game seed: 2845796723220533295, levelgen mode: deterministic

483 DrOrange the Chopper (level 6, 0/56 HPs)
             Began as a Minotaur Berserker on Dec 8, 2019.
             Was a Priest of Trog.
             Slain by an orc wizard
             ... wielding a +0 dagger
              (2 damage)
             ... on level 6 of the Dungeon on Dec 21, 2019.
             The game lasted 00:11:09 (5792 turns).

DrOrange the Chopper (Minotaur Berserker)           Turns: 5792, Time: 00:11:09

Health: 0/56       AC:  0    Str: 21    XL:     6   Next: 88%
Magic:  5/5        EV: 14    Int:  4    God:    Trog [***...]
Gold:   229        SH:  0    Dex: 12    Spells: 5/5 levels left

rFire    . . .     SeeInvis .   (no weapon)
rCold    . . .     Gourm    .   (no shield)
rNeg     . . .     Faith    .   (no armour)
rPois    .         Spirit   .   (helmet restricted)
rElec    .         Reflect  .   (no cloak)
rCorr    .         Harm     .   (no gloves)
MR       .....                  (no boots)
Stlth    +.........             (no amulet)
HPRegen  0.18/turn              (no ring)
MPRegen  0.09/turn              (no ring)

@: starving
A: retaliatory headbutt, horns 2
a: Berserk, Trog's Hand, Renounce Religion


You were on level 6 of the Dungeon.
You worshipped Trog.
Trog was most pleased with you.
You were starving.

You visited 1 branch of the dungeon, and saw 6 of its levels.

You collected 229 gold pieces.

Inventory:

Jewellery
 k - a cursed -5 ring of strength {unknown}
 x - a cursed amulet of magic regeneration {unknown}
Wands
 t - a wand of paralysis (6)
Scrolls
 d - 4 scrolls of remove curse {unknown}
 e - 9 scrolls of identify {unknown}
 g - a scroll of fear {unknown}
 h - 3 scrolls of fog {unknown}
 l - 2 scrolls of amnesia {unknown}
 o - 2 scrolls of magic mapping {unknown}
 p - a scroll of enchant weapon {unknown}
 q - 2 scrolls of enchant armour {unknown}
 y - a scroll of teleportation {unknown}
Potions
 f - 2 potions of degeneration {unknown}
 i - a potion of ambrosia {unknown}
 m - a potion of heal wounds {unknown}
 n - a potion of berserk rage {unknown}
 r - 3 potions of might {unknown}
 u - a potion of mutation {unknown}
 v - a potion of haste {unknown}
 w - a potion of lignification {unknown}
 z - a potion of curing {unknown}
 A - a potion of agility {unknown}
 B - a potion of brilliance {unknown}
Comestibles
 c - 4 rations


   Skills:
 + Level 5.6 Fighting
   Level 5.6 Axes
 + Level 4.9 Armour
 + Level 4.5 Dodging


You had 5 spell levels left.
You didn't know any spells.
Your spell library was empty.

Dungeon Overview and Level Annotations

Branches:
Dungeon (6/15)             Temple (0/1) D:4

Altars:
Cheibriados
Dithmenos
Gozag
Hepliaklqana
Kikubaaqudgha
Sif Muna
Uskayaw
Yredelemnul

Annotations:
D:5 1 transporter


Innate Abilities, Weirdness & Mutations

You reflexively headbutt those who attack you in melee.
You have a pair of horns on your head.


Message History

* * * LOW HITPOINT WARNING * * *
The orc wizard hits you with a +0 dagger.
* * * LOW HITPOINT WARNING * * *
The orc wizard hits you with a +0 dagger.
* * * LOW HITPOINT WARNING * * *
The big kobold hits you but does no damage.
The orc priest closely misses you. The orc barely misses you.
The orc wizard hits you but does no damage.
The orc wizard closely misses you.
The big kobold hits you but does no damage.
The orc priest invokes the aid of Beogh against you.
You barely resist.
You feel less confused. The orc hits you with a +0 dagger.
* * * LOW HITPOINT WARNING * * *
The orc wizard hits you with a +0 dagger.
* * * LOW HITPOINT WARNING * * *
The orc wizard hits you with a +0 dagger.
You die...

.# .# .#
##.# ###..#
##..%.#
###$..<.##
##....o...#
#..!.sK@..#
.....aooo..#
......KKK..#
...........#
##.........#
..#........#
#.........##
##.......#


You could see a big kobold, a scorpion, a worker ant, an orc priest, 2 orc
wizards, an orc and 3 kobolds.

Vanquished Creatures
  A phantom (D:4)
  A crimson imp (D:5)
  2 hounds
  Natasha (twice) (D:3)
  5 worker ants (D:4)
  A hound skeleton (D:4)
  3 adders
  4 adder skeletons
  2 worms (D:2)
  2 dart slugs
  2 leopard geckos (D:3)
  4 orcs
  4 ball pythons
  5 giant cockroaches
  8 goblins
  7 hobgoblins
  6 jackals
  2 quokkas (D:4)
  10 bats
  4 frilled lizards
  5 kobolds
  A leopard gecko skeleton (D:4)
  3 rats
84 creatures vanquished.

Notes
Turn   | Place    | Note
-------+----------+-------------------------------------------
     0 | D:1      | DrOrange the Minotaur Berserker began the quest for the
                  | Orb.
     0 | D:1      | Reached XP level 1. HP: 19/19 MP: 0/0
   152 | D:1      | Reached XP level 2. HP: 27/27 MP: 1/1
   595 | D:1      | Reached ** piety under Trog
   891 | D:2      | Reached XP level 3. HP: 33/33 MP: 2/2
  1044 | D:2      | Found a hazy altar of Hepliaklqana.
  1755 | D:3      | Found an ancient bone altar of Kikubaaqudgha.
  1793 | D:3      | Reached XP level 4. HP: 40/41 MP: 3/3
  2057 | D:3      | Found a shimmering blue altar of Sif Muna.
  2057 | D:3      | Found an opulent altar of Gozag.
  2143 | D:3      | Noticed Natasha
  2149 | D:3      | Killed Natasha
  2149 | D:3      | Reached *** piety under Trog
  2158 | D:3      | Noticed Natasha
  2164 | D:3      | Killed Natasha
  2236 | D:4      | Found a staircase to the Ecumenical Temple.
  2244 | D:4      | Noticed a phantom
  2275 | D:4      | Killed a phantom
  2275 | D:4      | Reached skill level 5 in Axes
  2275 | D:4      | Reached XP level 5. HP: 28/47 MP: 4/4
  2393 | D:4      | Reached skill level 5 in Fighting
  2582 | D:4      | Found a basalt altar of Yredelemnul.
  2703 | D:4      | Reached XP level 6. HP: 56/56 MP: 5/5
  2777 | D:4      | Found a snail-covered altar of Cheibriados.
  3502 | D:5      | Entered Level 5 of the Dungeon
  3513 | D:5      | Found a hide-covered altar of Uskayaw.
  3630 | D:5      | Found a shadowy altar of Dithmenos.
  4627 | D:5      | Found a transporter.
  4712 | D:5      | Paralysed by fainting for 5 turns
  4727 | D:5      | Paralysed by fainting for 7 turns
  4771 | D:5      | Paralysed by fainting for 11 turns
  5792 | D:6      | HP: 2/56 [orc wizard/+0 dagger (3)]
  5792 | D:6      | Slain by an orc wizard

Levels and vault maps discovered:
D:1:      sevenhm_arrival_forest_fort_small_6, layout_rooms
D:2:      layout_loops_ring, lemuel_round_altar, minmay_small_reverse_x
D:3:      layout_rooms, lemuel_doored_altar, amethyst_overflow_temple_binary,
          first_ration, hangedman_decor_growths, uniq_natasha
D:4:      layout_gridville, kennysheep_slug_shrine,
          minmay_temple_entry_overgrown, serial_park_tiny_pond,
          yredelemnul_altar_generic
D:5:      layout_basic, lemuel_crystal_altar, gammafunk_ghost_stat_death,
          serial_shops, shop, shop, kennysheep_mini,
          nicolae_dithmenos_shadow_blocks
D:6:      layout_cave_pods, lemuel_crystal_altar, uniq_blork_the_orc

Skill      XL: |  1  2  3  4  5  6 |
---------------+-------------------+-----
Fighting       | 4 5 |  5.6
Axes           | 4 5 |  5.6
Armour         | 3 4 |  4.9
Dodging        | 3 4 |  4.5

Action                   |  1- 3 |  4- 6 || total
-------------------------+-------+-------++-------
Melee: Hand axe          |   108 |   127 ||   235
       Headbutt          |    11 |    37 ||    48
Invok: Berserk           |     1 |     1 ||     2
       Trog's Hand       |       |     1 ||     1
 Stab: Sleeping          |     1 |       ||     1
  Eat: Chunk             |     2 |     6 ||     8
       Ration            |       |     2 ||     2
Armor: Animal skin       |    15 |       ||    15
       Leather armour    |    14 |     2 ||    16
       Scale mail        |       |    45 ||    45
Dodge: Dodged            |    87 |    92 ||   179

Table legend:
 A = Non-vault XP
 B = Vault XP
 C = Vault XP percentage of total XP
 D = Non-vault monster count
 E = Vault monster count
 F = Vault count percentage of total count
                 A         B        C        D         E       F
            +---------+---------+-------+---------+---------+-------
      Total |     641 |      50 |   7.2 |      78 |       6 |   7.1
            +---------+---------+-------+---------+---------+-------
        D:1 |      40 |       0 |   0.0 |      22 |       0 |   0.0
        D:2 |      26 |      11 |  29.7 |      13 |       4 |  23.5
        D:3 |      82 |      35 |  29.9 |      20 |       1 |   4.8
        D:4 |     379 |       4 |   1.0 |      17 |       1 |   5.6
        D:5 |     111 |       0 |   0.0 |       5 |       0 |   0.0
        D:6 |       3 |       0 |   0.0 |       1 |       0 |   0.0
            +---------+---------+-------+---------+---------+-------
